 Dungeon Crawl Stone Soup version 0.32-a0-898-g7811c86cf0 (webtiles) character file.

Game seed: 5026323903214364821

72 Autsider the Digger (level 4, -2/25 HPs)
             Began as a Gargoyle Earth Elementalist on Apr 4, 2024.
             Slain by Pargi (7 damage)
             ... in a sewer.
             The game lasted 00:05:02 (1656 turns).

Autsider the Digger (Gargoyle Earth Elementalist)   Turns: 1656, Time: 00:05:02

Health: -2/25      AC:  5    Str: 12    XL:     4   Next: 26%
Magic:  0/7        EV: 11    Int: 17    God:
Gold:   52         SH:  0    Dex: 10    Spells: 3/7 levels left

rFire   + . .        k - +0 mace
rCold   . . .        (no shield)
rNeg    + . .        a - +0 robe
rPois   ∞            (no helmet)
rElec   +            (no cloak)
rCorr   .            (no gloves)
SInv    .            (no boots)
Will    .....        (no amulet)
Stlth   ++           e - ring of protection from fire
HPRegen 0.24/turn    (no ring)
MPRegen 0.10/turn

%: no passive effects
@: very slightly contaminated
A: sickness immunity, AC +3, negative energy resistance 1, electricity
resistance, torment resistance 1, petrification resistance
a: no special abilities


You were in a sewer.
You visited 1 branch of the dungeon, and saw 3 of its levels.
You also visited: Sewer.

You collected 52 gold pieces.

Inventory:

Hand Weapons
 k - a +0 mace (weapon)
Armour
 a - a +0 robe (worn)
Jewellery
 e - a ring of protection from fire (left hand)
 g - a ring of positive energy
Scrolls
 f - 3 scrolls of identify
 i - a scroll of torment {unknown}
Potions
 b - 3 potions of magic
 c - 2 potions of might {unknown}
 d - 3 potions of heal wounds
 j - a potion of lignification {unknown}


   Skills:
 + Level 1.6 Fighting
 - Level 1.5 Dodging
 - Level 2.1 Stealth
 + Level 2.4 Spellcasting
 + Level 2.0 Conjurations
 * Level 4.7 Earth Magic


You had 3 spell levels left.
You knew the following spells:

 Your Spells              Type           Power      Damage    Failure   Level
a - Sandblast             Erth           36%        2d10      2%          1
b - Stone Arrow           Conj/Erth      26%        3d8       14%         3

Your spell library contained the following spells:

 Spells                   Type           Power      Damage    Failure   Level
 Passwall                 Erth           18%        N/A       8%          3
 Brom's Barrelling Bould  Conj/Erth      13%        2d4       41%         4
 Petrify                  Alch/Erth      10%        N/A       56%         4


Dungeon Overview and Level Annotations

Branches:
Dungeon (3/15)              Sewer (1/1)

Altars:
Okawaru

Shops:
D:1 ?

Annotations:
Sewer Pargi


Innate Abilities, Weirdness & Mutations

You are immune to sickness and miasma.
Your stone body is resilient. (AC +3)
You are immune to poison.
You resist negative energy. (rN+)
You are resistant to electric shocks. (rElec)
You are resistant to unholy torment.
You are immune to petrification.


Message History

Confirm with . or Enter, or press ? or * to list all spells.
Aiming: Sandblast (safe; 2% risk of failure)
Press: ? - help, Shift-Dir - straight line, f/p - Pargi
Aim: Pargi (almost dead, 77% to hit)
The blast of sand misses Pargi.
Pargi bites you. Pargi claws you but does no damage. Pargi barely misses you.
Casting: Sandblast (safe; 2% risk of failure)
Confirm with . or Enter, or press ? or * to list all spells.
Aiming: Sandblast (safe; 2% risk of failure)
Press: ? - help, Shift-Dir - straight line, f/p - Pargi
Aim: Pargi (almost dead, 77% to hit)
The blast of sand misses Pargi.
Pargi bites you.
* * * LOW HITPOINT WARNING * * *
Pargi claws you.
* * * LOW HITPOINT WARNING * * *
Pargi misses you.
Pargi pleads, "Don't hit me!"
Pargi bites you.
* * * LOW HITPOINT WARNING * * *
Pargi closely misses you. Pargi barely misses you.
Casting: Sandblast (safe; 2% risk of failure)
Confirm with . or Enter, or press ? or * to list all spells.
Aiming: Sandblast (safe; 2% risk of failure)
Press: ? - help, Shift-Dir - straight line, f/p - Pargi
Aim: Pargi (severely wounded, 77% to hit)
The blast of sand hits Pargi but does no damage.
Pargi is severely wounded.
Pargi snarls, "My home!
Leave!"
Pargi bites you.
* * * LOW HITPOINT WARNING * * *
Pargi claws you but does no damage. Pargi barely misses you.
Casting: Sandblast (safe; 2% risk of failure)
Confirm with . or Enter, or press ? or * to list all spells.
Aiming: Sandblast (safe; 2% risk of failure)
Press: ? - help, Shift-Dir - straight line, f/p - Pargi
Aim: Pargi (severely wounded, 77% to hit)
The blast of sand misses Pargi.
Pargi clenches his claws.
Pargi bites you!
You die...

##..~##
#..~..#
##....~##
#...#.~.#
##~.###~~##
#...# #~..#
#~~## ##~.#
#..# #..#
#..# #@.#
#.~## ##T.#
#...# #~~.#
##..# #..##
#...#~..#
##..~..##
#....~#
##.~.##
#~~.#


You could see Pargi.

Vanquished Creatures
  An adder (D:2)
  A dart slug (D:1)
  8 ball pythons
  3 bats (D:1)
  5 endoplasms
  7 giant cockroaches (D:3)
  A goblin (D:3)
  3 hobgoblins (D:1)
  9 jackals
  5 kobolds
  4 quokkas
  A frilled lizard (D:1)
48 creatures vanquished.

Notes
Turn   | Place    | Note
-------+----------+-------------------------------------------
     0 | D:1      | Autsider the Gargoyle Earth Elementalist began the quest
                  | for the Orb.
     0 | D:1      | Reached XP level 1. HP: 10/10 MP: 3/3
    62 | D:1      | Reached XP level 2. HP: 16/16 MP: 0/5
   117 | D:1      | Reached skill level 4 in Earth Magic
   472 | D:1      | Reached skill level 1 in Fighting
   473 | D:1      | Reached XP level 3. HP: 17/20 MP: 2/6
   518 | D:1      | Found Manib's Magic Scroll Emporium.
  1378 | D:3      | Found an iron altar of Okawaru.
  1381 | D:3      | Reached XP level 4. HP: 25/25 MP: 5/7
  1407 | D:3      | Found a glowing drain.
  1492 | Sewer    | Entered a sewer
  1618 | Sewer    | Noticed Pargi
  1624 | Sewer    | Learned a level 3 spell: Stone Arrow
  1656 | Sewer    | Slain by Pargi

Illustrated notes

Levels and vault maps discovered:
D:1:      saegor_arrival_simple_a, layout_basic, serial_shops, shop,
          minmay_tetromino_o2
D:2:      layout_basic, roderic_lattice_a, nicolae_twisty_statue_hallways
D:3:      layout_rooms, nicolae_dithmenos_the_darkroom,
          nicolae_qazlal_beasts_of_the_sky, okawaru_metal_pillars_1_2,
          gup_sewer_entry_pipe
Sewer:    sewer_the_crocodile

Skill      XL: |  1  2  3 |
---------------+----------+-----
Earth Magic    | 4 |  4.7
Fighting       | 1 |  1.6
Conjurations   | 2 |  2.0
Dodging        | |  1.5
Stealth        | |  2.1
Spellcasting   | |  2.4

Action                     |  1- 3 |  4- 6 || total
---------------------------+-------+-------++-------
  Melee: Unarmed           |    14 |       ||    14
         Mace              |     9 |       ||     9
   Cast: Sandblast         |    52 |    24 ||    76
    Use: Scroll            |     2 |       ||     2
 Armour: Robe              |    18 |    17 ||    35
  Dodge: Dodged            |    32 |    17 ||    49

Table legend: (Time is in decaauts)
 A = Elapsed time spent in this place.
 B = Non-inter-level travel time spent in this place.
 C = Inter-level travel time spent in this place.
 D = Time resting spent in this place.
 E = Time spent auto-exploring this place.
 F = Levels seen in this place.
 G = Mean time per level.
                   A        B        C        D        E       F      G
               +--------+--------+--------+--------+--------+-----+--------+
         Total |   1708 |   1642 |     66 |    288 |    960 |   4 |  427.0 |
       Dungeon |   1532 |   1466 |     66 |    220 |    955 |   3 |  510.7 |
         Sewer |    176 |    176 |      0 |     68 |      5 |   1 |  176.0 |
               +--------+--------+--------+--------+--------+-----+--------+

Top non-repeatable levels by time:
     D:1: 1161 daAuts
     D:3: 205 daAuts
   Sewer: 176 daAuts
     D:2: 166 daAuts
